Map: 匹昂台地

Players

shengy - Winner!

  • Race: Zerg Zerg
  • League: Platinum

Vala

  • Race: Terran Terran
  • League: Diamond

VOD

Have the link to the VOD?

Description

Time

  • Played on: Dec. 31, 2015, 9:16 p.m.
  • Length: 10:29
Show
View Real Time Build Order
Export as new Build Order

shengy Zerg - Winner!

Build Orders: Hatch First 

Get SALT Encoding   

  12  0:01  Drone  
  13  0:08  Drone  
  14  0:17  Overlord  
  14  0:25  Drone, Extractor  
  15  0:35  Drone x2  
  17  0:56  Drone  
  17  0:57  Hatchery  
  17  0:58  Extractor  
  17  1:01  Drone  
  17  1:05  Drone  
  18  1:21  Spawning Pool  
  17  1:28  Drone  
  17  1:30  Overlord  
  18  2:08  Metabolic Boost, Queen  
  18  2:09  Queen  
  18  2:11  Zergling x4  
  18  2:13  Zergling x2  
  25  2:18  Drone  
  25  2:22  Drone  
  27  2:25  Drone  
  28  2:36  Spore Crawler  
  28  2:55  Roach Warren, Drone x4  
  28  2:56  Drone x2  
  33  3:06  Overlord  
  33  3:12  Overlord  
  33  3:27  Lair  
  33  3:30  Extractor  
  33  3:31  Extractor  
  31  3:36  Roach x4  
  31  3:37  Roach  
  31  3:40  Drone  
  42  3:42  Drone  
  43  3:58  Drone x6  
  49  4:12  Overlord x2  
  48  4:26  Queen  
  48  4:29  Glial Reconstitution  
  48  4:31  Drone x3  
  53  4:51  Drone x3  
  56  4:56  Hatchery  
  55  5:03  Roach  
  55  5:04  Roach x2  
  60  5:16  Evolution Chamber, Drone x4  
  60  5:18  Evolution Chamber  
  62  5:32  Ravager  
  62  5:33  Ravager x2  
  62  5:34  Ravager x2  
  67  5:41  Overlord x2  
  55  5:52  Zergling x20  
  60  6:04  Roach x2  
  51  6:20  Roach x5  
  58  6:29  Roach x2  
  58  6:30  Roach x2  
  66  6:42  Spire  
  66  6:45  Baneling Nest, Drone x2, Extractor  
  66  6:46  Drone x3  
  68  6:53  Hatchery  
  67  7:00  Roach x2  
  71  7:22  Overlord x2  
  71  7:23  Roach  
  71  7:24  Roach x4  
  71  7:25  Ravager  
  71  7:26  Ravager  
  71  7:27  Overlord  
  83  7:32  Centrifical Hooks  
  83  7:34  Baneling x3  
  83  7:38  Overlord x2  
  83  7:42  Ravager x2  
  83  7:43  Ravager  
  86  8:04  Queen, Drone x6  
  86  8:05  Drone  
  83  8:44  Roach x14  
  100  9:21  Ravager  
  100  9:22  Ravager x7  
  105  9:27  Overlord  
  105  9:28  Zergling x14  
  105  9:29  Zergling x14  
  113  9:53  Extractor x2  
Show
View Real Time Build Order
Export as new Build Order

Vala Terran 

Build Orders: Reaper Expand 

Get SALT Encoding   

  12  0:01  SCV  
  13  0:13  SCV  
  14  0:18  Supply Depot  
  14  0:25  SCV  
  15  0:39  Refinery  
  15  0:41  Barracks  
  15  0:46  SCV  
  16  0:58  SCV  
  17  1:10  SCV  
  18  1:28  Orbital Command  
  18  1:29  Reaper  
  19  1:37  Supply Depot  
  19  1:48  Command Center  
  19  1:56  SCV  
  20  2:04  Factory  
  20  2:12  SCV  
  21  2:16  Barracks  
  21  2:21  Barracks Reactor  
  21  2:25  SCV  
  22  2:37  SCV  
  23  2:50  SCV  
  24  2:53  Refinery  
  24  3:02  SCV  
  25  3:06  Ghost Academy, Orbital Command  
  25  3:10  Hellion x2  
  29  3:13  Barracks Tech Lab  
  29  3:14  SCV  
  29  3:19  Barracks Tech Lab  
  30  3:27  SCV  
  30  3:31  Hellion x2  
  35  3:34  SCV  
  35  3:38  Supply Depot  
  36  3:42  Ghost  
  36  3:44  SCV  
  39  3:49  Ghost  
  39  3:54  SCV  
  42  3:56  SCV  
  42  4:01  Supply Depot  
  43  4:06  SCV  
  43  4:08  SCV  
  45  4:13  Ghost  
  45  4:15  Hellion  
  49  4:18  SCV  
  49  4:21  SCV  
  51  4:28  Ghost  
  51  4:30  SCV  
  54  4:34  SCV  
  54  4:36  Supply Depot  
  55  4:45  Armory  
  55  4:46  SCV  
  55  4:47  SCV  
  57  4:57  Command Center  
  57  4:59  Refinery, SCV  
  58  5:00  Refinery  
  58  5:08  SCV, Starport  
  58  5:11  SCV  
  60  5:17  Hellion x2  
  60  5:20  SCV  
  65  5:26  SCV  
  64  5:32  SCV  
  65  5:39  SCV  
  66  5:44  SCV  
  58  5:57  Hellion x2  
  58  5:58  Marauder x2  
  67  6:04  SCV  
  67  6:06  SCV  
  68  6:16  SCV x2  
  70  6:19  Hellion  
  72  6:28  Starport Reactor  
  72  6:30  Marauder x2  
  76  6:36  Barracks  
  76  6:38  Barracks, Starport  
  76  6:44  Factory  
  76  6:50  SCV x2  
  76  6:51  Refinery  
  78  6:55  Refinery  
  78  6:59  Ghost x2  
  78  7:00  Hellion  
  84  7:16  Supply Depot  
  84  7:18  Supply Depot  
  84  7:19  Supply Depot  
  84  7:20  Supply Depot, Liberator x2  
  84  7:25  Starport Reactor  
  84  7:26  Engineering Bay  
  84  7:28  Engineering Bay  
  84  7:30  Factory Reactor  
  84  7:34  Barracks Tech Lab  
  84  7:36  Orbital Command  
  84  7:37  Barracks Tech Lab  
  84  7:38  Hellion  
  84  7:39  SCV  
  84  7:40  SCV  
  94  7:53  Liberator x2  
  94  7:54  Marauder x3  
  94  7:58  Terran Infantry Armor Level 1, Terran Infantry Weapons Level 1  
  100  8:04  Terran Ship Weapons Level 1  
  100  8:10  Hellion x2  
  100  8:11  Hellion x2  
  79  8:29  Liberator x2  
  77  8:36  Liberator  
  71  8:44  Marauder x3  
  71  8:45  Marauder  
  71  8:48  Hellion x3  
  78  8:59  SCV x3  
  77  9:06  Marauder  
  79  9:11  SCV  
  79  9:15  Command Center  
  73  9:18  SCV x2  
  73  9:23  SCV  
  75  9:30  Marauder x3, SCV x2  
  75  9:31  Marauder, Widow Mine x3  
  85  9:34  Widow Mine  
  85  9:37  SCV  
  94  9:42  SCV  
  80  9:53  Marauder x3  
  80  9:54  Marauder  
Tags
 
Add a new tag
Caveats
  • Supply blocks, unpowered buildings, or Contaminate may cause inaccurate times.
  • Supply counts are checked every 10 seconds.